 Dungeon Crawl Stone Soup version 0.31-a0-96-g196d5507e3 (webtiles) character file.

Game seed: 14371748267442209548

314 GordonOverkill the Gusty (level 6, -1/36 HPs)
             Began as a Gargoyle Air Elementalist on May 26, 2023.
             Slain by Blork the orc
             ... wielding a +3 dire flail of protection
              (14 damage)
             ... on level 4 of the Dungeon.
             The game lasted 00:10:19 (4898 turns).

GordonOverkill the Gusty (GrAE)                     Turns: 4898, Time: 00:10:20

Health: -1/36      AC:  8    Str: 11    XL:     6   Next: 43%
Magic:  1/11       EV: 12    Int: 18    God:
Gold:   201        SH:  0    Dex: 10    Spells: 4/11 levels left

rFire   . . .        d - +1 club (spect)
rCold   + . .        (no shield)
rNeg    + . .        a - +0 robe
rPois   ∞            i - +2 hat
rElec   +            (no cloak)
rCorr   +            (no gloves)
SInv    .            (no boots)
Will    .....        (no amulet)
Stlth   ++           b - ring of resist corrosion
HPRegen 0.26/turn    t - ring of protection from cold
MPRegen 0.12/turn

%: no passive effects
@: very slightly contaminated
A: sickness immunity, AC +4, negative energy resistance 1, electricity
resistance, torment resistance 1, petrification resistance
a: no special abilities


You were on level 4 of the Dungeon.
You visited 1 branch of the dungeon, and saw 4 of its levels.

You collected 201 gold pieces.

Inventory:

Hand Weapons
 c - a +0 dagger
 d - a +1 spectral club (weapon)
 n - a +0 falchion of flaming
Missiles
 r - 2 throwing nets
Armour
 a - a +0 robe (worn)
 i - a +2 hat (worn)
Magical Staves
 j - a staff of cold
Jewellery
 b - a ring of resist corrosion (left hand)
 t - a ring of protection from cold (right hand)
Wands
 o - a wand of flame (18)
Scrolls
 e - a scroll of teleportation {unknown}
 f - a scroll of fear {unknown}
 g - a scroll of poison {unknown}
 h - a scroll of acquirement {unknown}
 m - 2 scrolls of vulnerability
 u - a scroll of enchant weapon {unknown}
Potions
 k - a potion of brilliance
 l - 2 potions of mutation {unknown}
 q - a potion of lignification {unknown}
 s - a potion of attraction {unknown}


   Skills:
 + Level 2.8 Fighting
 - Level 2.0 Dodging
 - Level 3.0 Stealth
 + Level 3.4 Spellcasting
 + Level 3.1 Conjurations
 + Level 3.4 Air Magic


You had 4 spell levels left.
You knew the following spells:

 Your Spells              Type           Power      Damage    Failure   Level
a - Shock                 Conj/Air       52%        1d6       4%          1
b - Static Discharge      Conj/Air       26%        2-4/arc   8%          2
c - Airstrike             Air            7%         2d(2-18)  36%         4

Your spell library contained the following spells:

 Spells                   Type           Power      Damage    Failure   Level
 Swiftness                Air            15%        N/A       12%         3
 Beastly Appendage        Tmut           6%         N/A       16%         1
 Wereblood                Tmut           3%         N/A       24%         2
 Spider Form              Tmut/Pois      1%         N/A       50%         3


Dungeon Overview and Level Annotations

Branches:
Dungeon (4/15)
 Temple: D:4-7

Altars:
Cheibriados
Gozag
Ru

Shops:
D:3 !

Annotations:
D:4 Blork the orc


Innate Abilities, Weirdness & Mutations

You are immune to sickness and miasma.
Your stone body is resilient. (AC +4)
You are immune to poison.
You resist negative energy. (rN+)
You are resistant to electric shocks. (rElec)
You are resistant to unholy torment.
You are immune to petrification.


Message History

Nothing appears to happen.
Blork the orc hits you with a +3 dire flail of protection!
Casting: Static Discharge (safe; 8% risk of failure)
Confirm with . or Enter, or press ? or * to list all spells.
Blork the orc is struck by an arc of lightning.
Blork the orc is severely wounded.
You resist.
You are struck by an arc of lightning.
Blork the orc gestures at you while chanting.
The puff of flame hits you.
* * * LOW HITPOINT WARNING * * *
You barely miss Blork the orc.
Blork the orc is severely wounded.
Your +1 spectral club hits Blork the orc but does no damage.
Blork the orc misses you.
You barely miss Blork the orc.
Blork the orc is severely wounded.
Your +1 spectral club hits Blork the orc.
Blork the orc hits your +1 spectral club with a +3 dire flail of protection.
Your spectral weapon shares its damage with you!
* * * LOW HITPOINT WARNING * * *
You hit Blork the orc but do no damage.
Blork the orc is almost dead.
Your +1 spectral club barely misses Blork the orc.
Blork the orc hits you with a +3 dire flail of protection!
* * * LOW HITPOINT WARNING * * *
Blork the orc casts a spell.
Blork the orc seems to speed up.
You barely miss Blork the orc.
Blork the orc is almost dead.
Your +1 spectral club hits Blork the orc.
Blork the orc casts a spell at you. The puff of flame hits you.
* * * LOW HITPOINT WARNING * * *
Blork the orc screams, "You are the ugliest creature I've ever seen!"
Blork the orc closely misses you.
You barely miss Blork the orc.
Blork the orc is almost dead.
Your +1 spectral club barely misses Blork the orc.
Blork the orc hits you with a +3 dire flail of protection!
You die...

###### #######....####### ##
.........#.#....@# .# ###
##########.#....o########.#.....
........ #.#....(......o._..#
........ #.......########.###
†####### ######### ... ........
.### .####### .# .# Y# .# .#


You could see Blork the orc (fast) and a friendly +1 spectral club.

Vanquished Creatures
  2 hounds
  Ijyb (D:4)
  Natasha (twice) (D:2)
  An orc wizard (D:3)
  4 gnolls (D:3)
  6 adders
  5 orcs (D:3)
  11 ball pythons
  6 bats
  3 endoplasms
  2 goblins
  2 hobgoblins
  4 jackals (D:4)
  2 quokkas
  8 frilled lizards
  10 kobolds
  2 rats (D:1)
71 creatures vanquished.

Notes
Turn   | Place    | Note
-------+----------+-------------------------------------------
     0 | D:1      | GordonOverkill the Gargoyle Air Elementalist began the
                  | quest for the Orb.
     0 | D:1      | Reached XP level 1. HP: 10/10 MP: 3/3
   116 | D:1      | Found a faded altar of an unknown god.
   429 | D:1      | Reached XP level 2. HP: 16/16 MP: 1/5
  1605 | D:2      | Learned a level 2 spell: Static Discharge
  1758 | D:2      | Reached XP level 3. HP: 20/20 MP: 1/6
  2097 | D:2      | Noticed Natasha
  2101 | D:2      | Killed Natasha
  2102 | D:2      | Reached skill level 1 in Fighting
  2102 | D:2      | Reached XP level 4. HP: 25/25 MP: 2/7
  2379 | D:2      | Noticed Natasha
  2389 | D:2      | Killed Natasha
  2743 | D:3      | Found a snail-covered altar of Cheibriados.
  2966 | D:3      | Reached XP level 5. HP: 13/30 MP: 1/9
  3180 | D:3      | Found an opulent altar of Gozag.
  3607 | D:3      | Found Fuciv's Distillery.
  3652 | D:3      | Reached XP level 6. HP: 36/36 MP: 6/10
  3657 | D:3      | Learned a level 4 spell: Airstrike
  4471 | D:4      | Noticed Ijyb
  4483 | D:4      | Killed Ijyb
  4866 | D:4      | Found a sacrificial altar of Ru.
  4872 | D:4      | Noticed Blork the orc
  4872 | D:4      | Noticed an ice beast
  4898 | D:4      | Slain by Blork the orc

Illustrated notes

Levels and vault maps discovered:
D:1:      sevenhm_arrival_forest_fort_small_3, layout_loops_corners,
          nicolae_ecumenical_snake_handling, lexackson_kobold_supper
D:2:      layout_loops_ring, uniq_natasha
D:3:      layout_loops_ring, amcnicky_altar_gilded, mainiacjoe_overflow_catwalk,
          serial_shops, shop
D:4:      layout_basic, tso_oasis_becter, lemuel_crystal_altar,
          nicolae_ossuary_entry_catacombs, uniq_ijyb, uniq_blork_the_orc,
          uniq_eustachio

Skill      XL: |  1  2  3  4  5  6 |
---------------+-------------------+-----
Fighting       | 1 2 |  2.8
Dodging        | 2 |  2.0
Stealth        | 3 |  3.0
Conjurations   | 2 3 |  3.1
Air Magic      | 3 |  3.4
Spellcasting   | 3 |  3.4

Action                     |  1- 3 |  4- 6 || total
---------------------------+-------+-------++-------
  Melee: Unarmed           |     5 |       ||     5
         Staff             |     3 |    22 ||    25
         Dagger            |     3 |       ||     3
         Club              |       |     6 ||     6
   Cast: Shock             |    40 |    79 ||   119
         Static Discharge  |     6 |    27 ||    33
    Use: Potion            |       |     4 ||     4
         Scroll            |       |     3 ||     3
 Armour: Robe              |    14 |    32 ||    46
  Dodge: Dodged            |    14 |    45 ||    59

Table legend: (Time is in decaauts)
 A = Elapsed time spent in this place.
 B = Non-inter-level travel time spent in this place.
 C = Inter-level travel time spent in this place.
 D = Time resting spent in this place.
 E = Time spent auto-exploring this place.
 F = Levels seen in this place.
 G = Mean time per level.
                   A        B        C        D        E       F      G
               +--------+--------+--------+--------+--------+-----+--------+
         Total |   4902 |   4710 |    192 |   2023 |   1928 |   4 | 1225.5 |
       Dungeon |   4902 |   4710 |    192 |   2023 |   1928 |   4 | 1225.5 |
               +--------+--------+--------+--------+--------+-----+--------+

Top non-repeatable levels by time:
     D:1: 1687 daAuts
     D:3: 1627 daAuts
     D:2: 1006 daAuts
     D:4: 581 daAuts
